 Dungeon Crawl Stone Soup version 0.25.0-1-g7eea58d2a3 (webtiles) character file.

Game seed: 13785881966804157759

168 Dirian the Slasher (level 5, -2/46 HPs)
             Began as a Minotaur Fighter on June 14, 2020.
             Slain by an ogre
             ... wielding a +0 giant club
              (13 damage)
             ... on level 4 of the Dungeon.
             The game lasted 00:04:05 (3017 turns).

Dirian the Slasher (Minotaur Fighter)               Turns: 3017, Time: 00:04:05

Health: -2/46      AC: 13    Str: 22    XL:     5   Next: 23%
Magic:  4/4        EV:  5    Int:  5    God:
Gold:   188        SH: 14    Dex:  9    Spells: 4/4 levels left

rFire    . . .     SeeInvis .   a - +0 long sword
rCold    . . .     Gourm    .   c - +0 kite shield
rNeg     . . .     Faith    .   j - +0 chain mail
rPois    .         Spirit   .   (helmet restricted)
rElec    .         Reflect  +   p - +0 cloak
rCorr    .         Harm     .   s - +0 pair of gloves
MR       .....                  g - +0 pair of boots
Stlth    ..........             o - amulet of reflection
HPRegen  0.15/turn              (no ring)
MPRegen  0.09/turn              (no ring)

@: no status effects
A: retaliatory headbutt, horns 2
a: no special abilities


You were on level 4 of the Dungeon.
You were not hungry.

You visited 1 branch of the dungeon, and saw 4 of its levels.

You collected 188 gold pieces.

Inventory:

Hand Weapons
 a - a +0 long sword (weapon)
Armour
 c - a +0 kite shield (worn)
 g - a +0 pair of boots (worn)
 j - a +0 chain mail (worn)
 p - a +0 cloak (worn)
 s - a +0 pair of gloves (worn)
Jewellery
 o - an amulet of reflection (around neck)
Wands
 v - a wand of digging (1)
Scrolls
 b - a scroll of enchant armour {unknown}
 h - a scroll of immolation
 i - a scroll of blinking {unknown}
 t - a scroll of teleportation
 x - 4 scrolls of remove curse
Potions
 d - a potion of might
 f - a potion of flight
 u - 3 potions of curing {unknown}
Comestibles
 e - 3 rations


   Skills:
 + Level 4.2 Fighting
 * Level 5.0 Long Blades
 + Level 4.5 Armour
 + Level 4.4 Shields


You had 4 spell levels left.
You didn't know any spells.
Your spell library was empty.

Dungeon Overview and Level Annotations

Branches:
Dungeon (4/15)             Temple (0/1) D:4

Altars:
Ashenzari
Nemelex Xobeh
Qazlal
Ru
Trog
Xom


Innate Abilities, Weirdness & Mutations

You reflexively headbutt those who attack you in melee.
You have a pair of horns on your head.


Message History

You are too injured to fight recklessly!
You are too injured to fight recklessly!
You are too injured to fight recklessly!
You are too injured to fight recklessly!
You are too injured to fight recklessly!
You are too injured to fight recklessly!
You slash the ogre!
The ogre is moderately wounded.
You block the ogre's attack.
You hit the ogre. Your headbutt misses the ogre.
The ogre is severely wounded.
You block the ogre's attack.
You closely miss the ogre.
The ogre is severely wounded.
The ogre hits you with a +0 giant club!
* * * LOW HITPOINT WARNING * * *
You hit the ogre.
The ogre is almost dead.
The ogre hits you with a +0 giant club!
You die...

........# ........# ........#
.......)# ........# ........#
###### ........# #####⌠...⌠#
........######...#.....#.
...............8@O..>....
.............#...#.....#.
.##...############⌠...⌠### #.
.##...# #...#######.. #. .
.##...# ##......# .. #. . .##...#
#......# #.##.###. .##...#
#......####..#.....
###...#########........###.##....
..'..............................


You could see an ogre.

Vanquished Creatures
  A bullfrog skeleton (D:3)
  Terence (D:2)
  A howler monkey skeleton (D:4)
  3 adders (D:2)
  An ooze (D:2)
  A worm (D:4)
  2 dart slugs
  A leopard gecko (D:3)
  6 orcs (D:3)
  4 giant cockroaches
  7 goblins
  5 hobgoblins
  3 jackals (D:4)
  6 kobolds
  A quokka (D:3)
  2 ball pythons (D:2)
  5 bats
  7 frilled lizards
  5 rats
62 creatures vanquished.

Notes
Turn   | Place    | Note
-------+----------+-------------------------------------------
     0 | D:1      | Dirian the Minotaur Fighter began the quest for the Orb.
     0 | D:1      | Reached XP level 1. HP: 19/19 MP: 0/0
   283 | D:1      | Found a sparkling altar of Nemelex Xobeh.
   373 | D:1      | Reached XP level 2. HP: 27/27 MP: 1/1
   751 | D:2      | Found a shimmering altar of Xom.
   788 | D:2      | Reached skill level 3 in Long Blades
   810 | D:2      | Reached XP level 3. HP: 26/33 MP: 2/2
  1119 | D:2      | Found a shimmering altar of Xom.
  1141 | D:2      | Noticed Terence
  1150 | D:2      | Killed Terence
  1150 | D:2      | Reached XP level 4. HP: 36/40 MP: 3/3
  1944 | D:3      | Reached skill level 4 in Long Blades
  2108 | D:3      | Reached XP level 5. HP: 46/46 MP: 4/4
  2336 | D:3      | Found a sacrificial altar of Ru.
  2338 | D:3      | Found a bloodstained altar of Trog.
  2487 | D:3      | Found a stormy altar of Qazlal.
  2489 | D:3      | Found a shattered altar of Ashenzari.
  2974 | D:4      | Reached skill level 5 in Long Blades
  3007 | D:4      | Found a staircase to the Ecumenical Temple.
  3008 | D:4      | Noticed an ogre
  3017 | D:4      | Slain by an ogre

Illustrated notes

Levels and vault maps discovered:
D:1:      dpeg_arrival_court, layout_loops_ring,
          nemelex_xobeh_ov_fountains_minmay
D:2:      minmay_wonky_spiral, layout_loops_corners, xom_redecorated,
          first_ration, uniq_terence
D:3:      layout_basic, chequers_temple_overflow_statue_of_worship,
          grunt_temple_overflow_open
D:4:      layout_basic, minmay_temple_entry_antechambers

Skill      XL: |  1  2  3  4  5 |
---------------+----------------+-----
Fighting       | 4 |  4.2
Long Blades    | 3 4 5 |  5.0
Armour         | 4 |  4.5
Shields        | 4 |  4.4

Action                   |  1- 3 |  4- 6 || total
-------------------------+-------+-------++-------
Melee: Long sword        |    57 |   109 ||   166
       Headbutt          |     9 |    17 ||    26
  Use: Scroll            |       |     7 ||     7
  Eat: Chunk             |     1 |     6 ||     7
Armor: Scale mail        |    23 |    36 ||    59
       Chain mail        |       |    18 ||    18
Dodge: Dodged            |    14 |    23 ||    37
Block: Kite shield       |    26 |    76 ||   102
       Rpst.: Long sword |     7 |     7 ||    14
